 Dungeon Crawl Stone Soup version 0.30-a0-972-gf3ab3527aa (webtiles) character file.

Game seed: 228944040567540513

129 sircluck the Poker (level 4, -4/37 HPs)
             Began as a Minotaur Gladiator on Mar 31, 2023.
             Splashed by a jelly's acid (6 damage)
             ... on level 3 of the Dungeon.
             The game lasted 00:05:43 (1748 turns).

sircluck the Poker (Minotaur Gladiator)             Turns: 1748, Time: 00:05:44

Health: -4/37      AC: -8    Str: 20    XL:     4   Next: 88%
Magic:  3/3        EV: 13    Int:  5    God:
Gold:   107        SH:  0    Dex: 12    Spells: 3/3 levels left

rFire   . . .      SeeInvis .    a - +0 trident
rCold   . . .      Faith    .    (no shield)
rNeg    . . .      Spirit   .    b - +0 leather armour
rPois   .          Reflect  .    c - +0 hat
rElec   .          Rampage  .    (no cloak)
rCorr   .                        (no gloves)
Will    .....                    (no boots)
Stlth   +                        (no amulet)
HPRegen 0.26/turn                (no ring)
MPRegen 0.08/turn                (no ring)

@: corroded
A: horns 2, retaliatory headbutt
a: no special abilities


You were on level 3 of the Dungeon.
You visited 1 branch of the dungeon, and saw 3 of its levels.

You collected 107 gold pieces.

Inventory:

Hand Weapons
 a - a +0 trident (weapon)
Missiles
 d - 3 throwing nets (quivered)
 e - a javelin
 k - 26 stones
Armour
 b - a +0 leather armour (worn)
 c - a +0 hat (worn)
 r - a +0 tower shield
Scrolls
 f - 2 scrolls of amnesia {unknown}
 h - 4 scrolls of identify {unknown}
 l - 3 scrolls of blinking {unknown}
 n - a scroll of poison {unknown}
 o - a scroll of enchant weapon {unknown}
 t - 2 scrolls of magic mapping {unknown}
Potions
 g - a potion of haste {unknown}
 i - a potion of heal wounds {unknown}
 j - a potion of ambrosia {unknown}
 m - a potion of degeneration {unknown}
 p - 3 potions of curing {unknown}
 q - 2 potions of mutation {unknown}
 s - 2 potions of flight {unknown}
 u - a potion of resistance {unknown}


   Skills:
 + Level 2.9 Fighting
 + Level 5.2 Polearms
 + Level 2.0 Throwing
 + Level 1.9 Armour
 + Level 4.4 Dodging


You had 3 spell levels left.
You didn't know any spells.
Your spell library contained the following spells:

 Spells                   Type           Power      Damage    Failure   Level
 Summon Small Mammal      Summ           0%         N/A       52%         1
 Call Canine Familiar     Summ           0%         N/A       88%         3
 Summon Guardian Golem    Hex/Summ       0%         N/A       88%         3


Dungeon Overview and Level Annotations

Branches:
Dungeon (3/15)

Altars:


Innate Abilities, Weirdness & Mutations

You have a pair of horns on your head.
You reflexively headbutt those who attack you in melee.


Message History

You open the door.
A jelly and an endoplasm come into view.
The jelly quivers.
Found a hobgoblin skeleton.
There are monsters nearby!
There are monsters nearby!
There are monsters nearby! 2 jellies and 6 endoplasms come into view.
Found a rat skeleton, two goblin skeletons and a glowing dark potion.
The jelly quivers.
The endoplasm quivers. x2
There is an open door here.
You puncture the jelly!
Your hands burn!
Your headbutt misses the jelly.
The jelly is severely wounded.
The endoplasm quivers.
The jelly quivers.
The jelly hits you but does no damage. The jelly closely misses you.
You furiously retaliate!
You headbutt the jelly. You hit the jelly.
You kill the jelly!
The jelly barely misses you.
Your Polearms skill increases to level 5!
You barely miss the jelly. The jelly hits you but does no damage.
You hit the jelly but do no damage. The acid corrodes you!
Your hands burn!
You headbutt the jelly.
The jelly is moderately wounded.
The jelly hits you. The acid corrodes you!
You are splashed with acid!
You hit the jelly but do no damage.
Your hands burn!
The jelly is moderately wounded.
The endoplasm hits the fungus.
The fungus begins to die.
The jelly completely misses you. You furiously retaliate!
You headbutt the jelly.
The endoplasm hits the fungus.
You hit the jelly. The acid corrodes you!
Your hands burn!
The jelly is severely wounded.
The endoplasm hits the fungus.
The fungus begins to die.
The endoplasm hits the fungus. x3; The jelly hits you.
You are splashed with acid!
* * * LOW HITPOINT WARNING * * *
The jelly attacks as you move away! The jelly hits you.
* * * LOW HITPOINT WARNING * * *
You are splashed with acid.
You die...

##8## #..........##
##########..........#
.......#.#.......#####
######.#..............
###.###.###########
#.......# #.#######
####### ##.#
##########...J..#
#..###......##@PJ..P.#
#..##.......#.#JJ÷...#
#..'))).....#.#JPP...#
#..'.)......#.#JJ÷...#
##.'......#'#)#.PP÷..#
#.##.....#.#.#J.....#
#####....#.#.#J.....#
#######.##.....!# ###


You could see 2 jellies and 7 endoplasms.

Vanquished Creatures
  A jelly (D:3)
  3 adders (D:2)
  2 worms
  3 dart slugs
  4 bats
  7 endoplasms
  2 giant cockroaches
  7 goblins
  3 hobgoblins
  2 quokkas
  9 ball pythons
  3 frilled lizards
  10 kobolds
  5 rats
61 creatures vanquished.

Vanquished Creatures (others)
  11 toadstools (D:3)
11 creatures vanquished.

Grand Total: 72 creatures vanquished

Notes
Turn   | Place    | Note
-------+----------+-------------------------------------------
     0 | D:1      | sircluck the Minotaur Gladiator began the quest for the
                  | Orb.
     0 | D:1      | Reached XP level 1. HP: 18/18 MP: 0/0
    13 | D:1      | Found a faded altar of an unknown god.
   149 | D:1      | Reached XP level 2. HP: 21/25 MP: 1/1
   213 | D:1      | Reached skill level 4 in Polearms
   496 | D:1      | Reached XP level 3. HP: 29/30 MP: 2/2
   933 | D:2      | Reached skill level 1 in Armour
   933 | D:2      | Reached XP level 4. HP: 23/37 MP: 3/3
  1744 | D:3      | Reached skill level 5 in Polearms
  1748 | D:3      | Splashed by a jelly's acid

Illustrated notes

Levels and vault maps discovered:
D:1:      dpeg_arrival_rooms_with_view, layout_basic,
          chequers_ecumenical_altar_island
D:2:      layout_rooms, minmay_tripent
D:3:      cheibrodos_fertilizer, layout_basic, nicolae_overflow_hidden_temple,
          hangedman_decor_growths, grunt_ministairs_10, uniq_jessica,
          uniq_grinder

Skill      XL: |  1  2  3  4 |
---------------+-------------+-----
Polearms       | 4 5 |  5.2
Dodging        | 4 |  4.4
Armour         | 1 |  1.9
Fighting       | |  2.9
Throwing       | |  2.0

Action                     |  1- 3 |  4- 6 || total
---------------------------+-------+-------++-------
  Melee: Trident           |    81 |    41 ||   122
         Headbutt          |    13 |     2 ||    15
    Use: Potion            |     1 |       ||     1
   Stab: Sleeping          |       |     1 ||     1
 Armour: Leather armour    |     8 |     7 ||    15
  Dodge: Dodged            |    31 |    26 ||    57

Table legend: (Time is in decaauts)
 A = Elapsed time spent in this place.
 B = Non-inter-level travel time spent in this place.
 C = Inter-level travel time spent in this place.
 D = Time resting spent in this place.
 E = Time spent auto-exploring this place.
 F = Levels seen in this place.
 G = Mean time per level.
                   A        B        C        D        E       F      G
               +--------+--------+--------+--------+--------+-----+--------+
         Total |   1760 |   1730 |     30 |      0 |    962 |   3 |  586.7 |
       Dungeon |   1760 |   1730 |     30 |      0 |    962 |   3 |  586.7 |
               +--------+--------+--------+--------+--------+-----+--------+

Top non-repeatable levels by time:
     D:1: 707 daAuts
     D:2: 648 daAuts
     D:3: 405 daAuts
